 Dungeon Crawl Stone Soup version 0.31.0-7-gf635a9b802 (webtiles) character file.

Game seed: 6869694451910362935

106 Arctor the Shooter (level 5, -1/30 HPs)
             Began as a Kobold Hexslinger on Jan 23, 2024.
             Slain by an ogre
             ... wielding a +0 giant spiked club
              (31 damage)
             ... on level 4 of the Dungeon.
             The game lasted 00:03:10 (2253 turns).

Arctor the Shooter (Kobold Hexslinger)              Turns: 2253, Time: 00:03:11

Health: -1/30      AC:  3    Str:  6    XL:     5   Next: 10%
Magic:  5/7        EV: 16    Int: 14    God:
Gold:   125        SH:  0    Dex: 19    Spells: 2/7 levels left

rFire   . . .        a - +1 sling
rCold   . . .        (no shield)
rNeg    . . .        c - +0 robe
rPois   .            (no helmet)
rElec   .            (no cloak)
rCorr   .            (no gloves)
SInv    .            j - +0 pair of boots
Will    .....        g - amulet of regeneration
Stlth   +++          (no ring)
HPRegen 1.05/turn    (no ring)
MPRegen 0.10/turn

%: no passive effects
@: weak-willed, jinxed
A: small, no large weapons, nightstalker 3
a: no special abilities


You were on level 4 of the Dungeon.
You visited 1 branch of the dungeon, and saw 4 of its levels.

You collected 125 gold pieces.

Inventory:

Hand Weapons
 a - a +1 sling (weapon)
Armour
 c - a +0 robe (worn)
 j - a +0 pair of boots (worn)
Jewellery
 g - an amulet of regeneration (around neck)
 k - an amulet of guardian spirit
Wands
 o - a wand of mindburst (16)
 q - a wand of light (9)
Scrolls
 b - a scroll of poison
 l - 2 scrolls of identify
Potions
 d - 2 potions of attraction
 e - 3 potions of curing
 f - a potion of mutation {unknown}
 h - a potion of lignification {unknown}
 i - a potion of might {unknown}
 m - 2 potions of brilliance {unknown}
 n - a potion of magic {unknown}
 p - a potion of berserk rage {unknown}


   Skills:
 + Level 2.1 Fighting
 + Level 3.5 Ranged Weapons
 + Level 3.2 Dodging
 + Level 1.9 Spellcasting
 + Level 3.5 Hexes
 + Level 1.9 Fire Magic


You had 2 spell levels left.
You knew the following spells:

 Your Spells              Type           Power      Damage    Failure   Level
a - Jinxbite              Hex            22%        N/A       9%          2
b - Sigil of Binding      Hex            11%        N/A       17%         3

Your spell library contained the following spells:

 Spells                   Type           Power      Damage    Failure   Level
 Inner Flame              Hex/Fire       9%         N/A       24%         3
 Cause Fear               Hex            5%         N/A       50%         4
 Dimensional Bullseye     Hex/Tloc       3%         N/A       75%         4


Dungeon Overview and Level Annotations

Branches:
Dungeon (4/15)
 Temple: D:4-7

Altars:


Innate Abilities, Weirdness & Mutations

You are small and have problems with some larger weapons.
You are completely attuned to the shadows.


Message History

Key pressed, stopping explore.
No target in view!
There is an escape hatch in the ceiling here.
Done exploring.
No target in view!
Done exploring.
No target in view!
Done exploring.
No target in view!
Done exploring.
No target in view!
What level of the Dungeon? (default 3, ? - help)
There is a stone staircase leading down here.
You climb downwards.
There is a stone staircase leading up here.
Welcome back, Arctor the Kobold Hexslinger.
Press ? for a list of commands and other information.
This spell is quite dangerous to cast!
You start memorising the spell.
You continue memorising. x3
You finish memorising.
Spell assigned to 'b'.
You open the door.
There is an open door here.
An ogre comes into view. It is wielding a +0 giant spiked club.
You shoot a sling bullet.
The sling bullet hits the ogre but does no damage.
The ogre shouts!
An ogre is nearby!
You shoot a sling bullet. The sling bullet hits the ogre.
The ogre is lightly wounded.
An ogre is nearby!
You shoot a sling bullet. The sling bullet hits the ogre.
The ogre is lightly wounded.
Cast which spell? (? or * to list)
You beckon some vexing sprites to accompany your attacks.
You feel your willpower being sapped. The ogre barely misses you.
You shoot a sling bullet.
The sling bullet barely misses the ogre.
The ogre hits you with a +0 giant spiked club!!
Ouch! That really hurt!
You die...

####...
#......
#......
####......
.....@O..#
.....#####
.....#
.....#
.....####.
..........
..........
#####.....
#.'.....


You could see an ogre.

Vanquished Creatures
  A gnoll (D:3)
  2 adders (D:2)
  3 dart slugs (D:1)
  2 ribbon worms
  An orc (D:3)
  8 ball pythons
  8 endoplasms
  A giant cockroach (D:2)
  3 goblins
  7 hobgoblins
  8 jackals
  6 kobolds
  A quokka (D:1)
  4 bats
  3 frilled lizards
  5 rats
63 creatures vanquished.

Notes
Turn   | Place    | Note
-------+----------+-------------------------------------------
     0 | D:1      | Arctor the Kobold Hexslinger began the quest for the Orb.
     0 | D:1      | Reached XP level 1. HP: 12/12 MP: 2/2
    49 | D:1      | Reached XP level 2. HP: 16/16 MP: 3/3
   255 | D:1      | Reached XP level 3. HP: 15/20 MP: 5/5
   569 | D:1      | Learned a level 2 spell: Jinxbite
   652 | D:1      | You fall into a shaft and drop 1 floor!
   848 | D:2      | Reached XP level 4. HP: 26/26 MP: 6/6
  1816 | D:3      | Reached XP level 5. HP: 30/30 MP: 7/7
  2236 | D:4      | Learned a level 3 spell: Sigil of Binding
  2248 | D:4      | Noticed an ogre
  2253 | D:4      | Slain by an ogre

Illustrated notes

Levels and vault maps discovered:
D:1:      dpeg_arrival_connections, layout_basic
D:2:      layout_loops_ring
D:3:      layout_loops_cross, minmay_cut_off
D:4:      layout_basic, minmay_temple_entry_gardened_gates, serial_shops,
          nicolae_lakefront_shop, minmay_unequal

Skill      XL: |  1  2  3  4 |
---------------+-------------+-----
Ranged Weapons | 3 |  3.5
Dodging        | 3 |  3.2
Fighting       | 2 |  2.1
Spellcasting   | |  1.9
Hexes          | |  3.5
Fire Magic     | |  1.9

Action                     |  1- 3 |  4- 6 || total
---------------------------+-------+-------++-------
   Fire: Sling             |    98 |    77 ||   175
   Cast: Jinxbite          |     1 |     2 ||     3
    Use: Scroll            |       |     3 ||     3
 Armour: Robe              |    19 |    18 ||    37
  Dodge: Dodged            |    42 |    34 ||    76
